AoeStats
← Charlie Brown

Socotra

505722957Analyzed
3v3 RM · 21d ago on Sep 10, 2026· 75m 2s· 6 players
Game mode
Random Map
Map size
128×128
Population
200
Speed
Normal
Resources
Standard
Victory
Conquest
Starting age
Dark Age
Ending age
Imperial Age
RankedLock teamsTeams togetherTeam positionsShared explorationLock speedFull tech treeHidden civsTurbo modeCheats
Victory
Defeat
🇺🇸 Inca · United States
646
+9
🇺🇸 Vietnamese · United States
476
+16
🇩🇰 Teutons · Denmark
436
+17
🇩🇪 Chinese · Germany
478
-14
🇬🇧 Slavs · United Kingdom
472
-14
🇪🇸 Vikings · Spain
470
-14
esekpa
0:44 Loom
12:17 Feudal Age
18:32 Gold Mining
18:35 Stone Mining
19:10 Horse Collar
21:54 Arson
27:26 Castle Age
28:45 Squires
28:05 Pikeman
34:07 Masonry
36:40 Ballistics
36:06 Light Cavalry
39:01 Fortified Wall
40:17 Gold Shaft Mining
39:29 Double-Bit Axe
42:10 Bow Saw
44:28 Heavy Plow
44:52 Forging
44:43 Scale Mail Armor
44:49 Scale Barding Armor
44:45 Padded Archer Armor
44:35 Fletching
45:15 Treadmill Crane
45:30 Murder Holes
46:15 Iron Casting
Charlie Brown
12:42 Feudal Age
13:07 Horse Collar
13:17 Double-Bit Axe
18:34 Wheelbarrow
22:58 Castle Age
20:58 Man-at-Arms
23:18 Gold Mining
23:21 Stone Mining
24:01 Heavy Plow
24:23 Hand Cart
26:43 Gold Shaft Mining
27:17 Long Swordsman
27:58 Squires
31:25 Town Watch
38:16 Imperial Age
36:55 Town Patrol
36:43 Loom
39:32 Pikeman
39:33 Two-Handed Swordsman
41:17 Bow Saw
47:56 Murder Holes
47:41 Halberdier
49:35 Champion
55:59 Husbandry
55:20 Cavalier
58:10 Crop Rotation
58:48 Caravan
61:29 Two-Man Saw
67:49 Detinets
sergej.sajaz
14:28 Feudal Age
15:15 Horse Collar
16:42 Man-at-Arms
17:27 Double-Bit Axe
20:35 Padded Archer Armor
26:11 Castle Age
34:25 Gold Mining
34:25 Stone Mining
41:35 Imperial Age
39:41 Wheelbarrow
46:54 Heavy Rocket Cart
50:34 Bow Saw
fight for your rights
0:48 Loom
10:31 Feudal Age
12:21 Double-Bit Axe
13:17 Horse Collar
15:46 Arson
19:28 Forging
20:59 Scale Mail Armor
24:07 Wheelbarrow
25:39 Gold Mining
28:17 Town Watch
31:26 Castle Age
30:45 Stone Mining
32:22 Chain Mail Armor
32:42 Iron Casting
33:35 Heavy Plow
33:58 Bow Saw
34:31 Pikeman
35:12 Squires
34:59 Gambesons
38:00 Stone Shaft Mining
43:08 Imperial Age
41:41 Guard Tower
42:08 Fortified Wall
43:47 Hand Cart
44:15 Halberdier
46:11 Town Patrol
47:35 Crop Rotation
48:38 Two-Man Saw
49:54 Blast Furnace
50:03 Plate Mail Armor
58:30 Scale Barding Armor
58:25 Padded Archer Armor
58:16 Fletching
59:42 Chemistry
58:28 Arrowslits
59:19 Keep
60:55 Caravan
61:29 Coinage
61:10 Guilds
62:53 Chain Barding Armor
62:50 Leather Archer Armor
63:47 Man-at-Arms
66:29 Elite Skirmisher
67:52 Imperial Skirmisher
72:47 Ring Archer Armor
72:13 Bodkin Arrow
SoapyCoder
12:06 Feudal Age
12:33 Horse Collar
16:36 Wheelbarrow
16:36 Double-Bit Axe
16:51 Gold Mining
19:38 Castle Age
18:28 Scale Mail Armor
18:19 Fletching
18:30 Padded Archer Armor
18:56 Forging
19:32 Stone Mining
22:36 Iron Casting
22:02 Bodkin Arrow
23:07 Elite Skirmisher
24:38 Thumb Ring
26:47 Leather Archer Armor
27:43 Bow Saw
33:49 Hand Cart
40:16 Imperial Age
38:53 Treadmill Crane
40:54 Chain Mail Armor
41:50 Caravan
42:21 Capped Ram
42:30 Imperial Skirmisher
43:18 Heavy Plow
44:19 Conscription
44:43 Siege Ram
46:12 Andean Sling
48:00 Crop Rotation
49:16 Guilds
49:47 Gold Shaft Mining
50:50 Fabric Shields
61:57 Chemistry
61:17 Ballistics
64:49 Onager
66:10 Siege Engineers
MeantOrca552267
2:11 Loom
11:57 Feudal Age
12:28 Double-Bit Axe
12:28 Horse Collar
13:26 Wheelbarrow
15:15 Town Watch
22:48 Castle Age
21:45 Fletching
21:57 Padded Archer Armor
21:58 Stone Mining
23:33 Forging
24:03 Bow Saw
25:53 Stone Shaft Mining
25:33 Scale Mail Armor
26:23 Heavy Plow
26:19 Arson
27:42 Guard Tower
29:23 Leather Archer Armor
30:33 Hand Cart
30:10 Crossbowman
32:15 Gold Mining
34:23 Murder Holes
34:31 Chatras
34:05 Elite Skirmisher
34:45 Bodkin Arrow
35:08 Man-at-Arms
35:50 Squires
36:37 Bloodlines
39:03 Town Patrol
42:41 Imperial Age
40:40 Scale Barding Armor
40:26 Light Cavalry
41:09 Husbandry
41:59 Pikeman
44:30 Iron Casting
45:18 Two-Man Saw
45:30 Paper Money
45:47 Hoardings
49:23 Capped Ram
50:12 Cavalier
55:34 Ballistics
56:02 Chain Mail Armor
58:49 Bracer
59:55 Town Patrol
60:09 Heated Shot
Connection lost

Rejoining the realm…

Still unreachable

The connection could not be restored.

Session expired

The server has moved on; the page needs a fresh start.